 Dungeon Crawl Stone Soup version 0.27.1-37-g7b29ead8ac (webtiles) character file.

Game seed: 1141148821196935155

45 VenomJD666 the Grave Robber (level 3, -1/24 HPs)
             Began as a Demonspawn Necromancer on Apr 23, 2024.
             Was an Initiate of Gozag.
             Slain by a worm (5 damage)
             ... on level 2 of the Dungeon.
             The game lasted 00:12:17 (4417 turns).

VenomJD666 the Grave Robber (DsNe)                  Turns: 4417, Time: 00:12:18

Health: -1/24      AC:  8    Str:  9    XL:     3   Next: 42%
Magic:  6/6        EV:  4    Int: 16    God:    Gozag
Gold:   165        SH:  0    Dex: 13    Spells: 5/6 levels left

rFire    . . .     SeeInvis .   c - +0 hand axe
rCold    . . .     Faith    .   (no shield)
rNeg     . . .     Spirit   .   b - +0 chain mail
rPois    .         Reflect  .   (no helmet)
rElec    .         Harm     .   (no cloak)
rCorr    .         Rampage  .   (no gloves)
Will     .....                  (no boots)
Stlth    ..........             (no amulet)
HPRegen  0.08/turn              (no ring)
MPRegen  0.10/turn              (no ring)

@: no status effects
A: claws 1
a: Renounce Religion, Potion Petition, Call Merchant, Bribe Branch


You were on level 2 of the Dungeon.
You worshipped Gozag.
Gozag was aware of your devotion.
You visited 1 branch of the dungeon, and saw 2 of its levels.

You collected 165 gold pieces.

Inventory:

Hand Weapons
 c - a +0 hand axe (weapon)
 g - a +0 flail
Missiles
 d - 7 datura-tipped darts
Armour
 a - a +0 robe
 b - a +0 chain mail (worn)
Scrolls
 e - a scroll of noise {unknown}
 h - a scroll of enchant weapon {unknown}
 k - a scroll of enchant armour {unknown}
 l - a scroll of immolation {unknown}
 m - 2 scrolls of summoning
Potions
 f - 2 potions of curing {unknown}
 i - a potion of invisibility {unknown}
 j - a potion of heal wounds {unknown}
 n - a potion of brilliance {unknown}


   Skills:
 * Level 0.2 Fighting
 * Level 1.1 Axes
 + Level 1.9 Dodging
 + Level 1.9 Stealth
 - Level 2.1 Spellcasting
 - Level 5.2 Necromancy


You had 5 spell levels left.
You knew the following spells:

 Your Spells              Type           Power      Damage    Failure   Level
a - Pain                  Necr           72%        1d7       97%         1

Your spell library contained the following spells:

 Spells                   Type           Power      Damage    Failure   Level
 Animate Skeleton         Necr           36%        N/A       97%         1
 Vampiric Draining        Necr           9%         2d7       100%        3
 Animate Dead             Necr           9%         N/A       100%        4
 Agony                    Necr           18%        N/A       100%        5


Dungeon Overview and Level Annotations

Branches:
Dungeon (2/15)

Altars:
Gozag


Innate Abilities, Weirdness & Mutations

You have sharp fingernails.


Message History

You miscast Pain.
Nothing appears to happen.
The bat hits you.
Unknown command.
Casting: Pain (safe; 97% risk of failure)
Confirm with . or Enter, or press ? or * to list all spells.
Aiming: Pain (safe; 97% risk of failure)
Press: ? - help, Shift-Dir - straight line, f/p - bat
Aim: a bat (heavily wounded, chance to affect: 89%)
You miscast Pain.
Nothing appears to happen.
The bat hits you but does no damage.
Unknown command.
Casting: Pain (safe; 97% risk of failure)
Confirm with . or Enter, or press ? or * to list all spells.
Aiming: Pain (safe; 97% risk of failure)
Press: ? - help, Shift-Dir - straight line, f/p - bat
Aim: a bat (heavily wounded, chance to affect: 89%)
You miscast Pain.
Nothing appears to happen.
The bat hits you but does no damage.
Unknown command.
You hit the bat.
You kill the bat!
You now have 165 gold pieces (gained 6).
You start resting.
Your magical contamination has completely faded away.
You start resting.
Magic restored.
You start resting.
A worm comes into view.
The worm bites you.
You hit the worm.
The worm is moderately wounded.
The worm bites you!
You barely miss the worm.
The worm is moderately wounded.
The worm bites you.
* * * LOW HITPOINT WARNING * * *
You hit the worm.
The worm is moderately wounded.
The worm bites you.
You die...
Your body crumbles into a pile of gold.

#.######..# #.# #..# #.. #.#
#..# #.# #.# #..# #.#
#####.####.#### #..###.#
....(.........# #... ..#
#####.####.##.###.####.#
......####.............###.#
#####..<>......w@..........#
#.#######.##.#####.##..#
#.##.# #.# # #.##.# #.#
#.##.# #.. #.##.# ### #.##.#
...... $


You could see a worm.

Vanquished Creatures
  An adder (D:2)
  A worm (D:2)
  A dart slug (D:1)
  7 endoplasms (D:1)
  A giant cockroach (D:2)
  A goblin (D:2)
  4 hobgoblins
  A quokka (D:1)
  2 ball pythons (D:1)
  3 bats
  A frilled lizard (D:1)
  2 kobolds (D:1)
  4 rats (D:1)
29 creatures vanquished.

Notes
Turn   | Place    | Note
-------+----------+-------------------------------------------
     0 | D:1      | VenomJD666 the Demonspawn Necromancer began the quest for
                  | the Orb.
     0 | D:1      | Reached XP level 1. HP: 13/13 MP: 3/3
   463 | D:1      | Found a faded altar of an unknown god.
   477 | D:1      | Became a worshipper of Gozag Ym Sagoz the Greedy
   833 | D:1      | Gained mutation: You have sharp fingernails. [demonic
                  | ancestry]
   833 | D:1      | Reached XP level 2. HP: 12/19 MP: 5/5
  1458 | D:1      | Reached skill level 5 in Necromancy
  3702 | D:2      | Reached XP level 3. HP: 10/24 MP: 6/6
  4305 | D:2      | Reached skill level 1 in Axes
  4417 | D:2      | Slain by a worm

Illustrated notes

Levels and vault maps discovered:
D:1:      psy_arrival_dodecagon, layout_loops_corners,
          shapermc_ecumenical_altar_pompeii, minmay_misc_feat_plants,
          minmay_cupped
D:2:      layout_loops_ring

Skill      XL: |  1  2  3 |
---------------+----------+-----
Necromancy     | 5 |  5.2
Axes           | 1 |  1.1
Fighting       | |  0.2
Dodging        | |  1.9
Stealth        | |  1.9
Spellcasting   | |  2.1

Action                   || total
-------------------------++-------
Melee: Hand axe          ||   118
 Cast: Pain              ||     2
  Use: Scroll            ||     1
Armor: Chain mail        ||   103
Dodge: Dodged            ||    34
